 Dungeon Crawl Stone Soup version 0.17.2 (webtiles) character file.

94 ololoev the Covered (level 4, -1/35 HPs)
             Began as a Demonspawn Fighter on June 9, 2016.
             Killed from afar by an orc wizard (6 damage)
             ... with a puff of frost
             ... on level 4 of the Dungeon.
             The game lasted 00:03:56 (666 turns).

ololoev the Covered (Demonspawn Fighter)             Turns: 666, Time: 00:03:56

Health: -1/35      AC:  6    Str: 17    XL:     4   Next: 38%
Magic:  4/4        EV:  8    Int: 10    God:
Gold:   53         SH:  8    Dex: 12    Spells: 0 memorised, 3 levels left

rFire  . . .     SeeInvis .     a - +0 war axe
rCold  . . .     Clarity  .     b - +0 scale mail
rNeg   + . .     SustAt   .     c - +0 shield
rPois  .         Gourm    .     (no helmet)
rElec  .         Spirit   .     (no cloak)
rCorr  .         Warding  .     (no gloves)
rMut   .         Stasis   .     (no boots)
MR     .....                    (no amulet)
Stlth  ..........               (no ring)
                                k - ring of positive energy

@: not resistant to hostile enchantments, extremely unstealthy
A: claws 1, repulsion field 1
a: no special abilities


Innate Abilities, Weirdness & Mutations

You have sharp fingernails.
You are surrounded by a mild repulsion field (EV +2).

Inventory:

Hand Weapons
 a - a +0 war axe (weapon)
Armour
 b - a +0 scale mail (worn)
 c - a +0 shield (worn)
Jewellery
 k - a ring of positive energy (left claw)
Scrolls
 f - a scroll of enchant armour {unknown}
 g - a scroll of teleportation {unknown}
 h - a scroll of remove curse {unknown}
 i - 2 scrolls of identify {unknown}
 l - a scroll of random uselessness {unknown}
Potions
 d - a potion of might
 j - a potion of heal wounds {unknown}
Comestibles
 e - a bread ration


   Skills:
 - Level 3.0 Fighting
 - Level 2.1 Axes
 + Level 3.6 Armour
 - Level 2.6 Shields
 * Level 2.4 Unarmed Combat


You had 3 spell levels left.
You didn't know any spells.


You were on level 4 of the Dungeon.
You were not hungry.

You visited 1 branch of the dungeon, and saw 4 of its levels.

You collected 53 gold pieces.

##### #.# ####.#
... .. ..##.#
###.###.# #.##.#
.....#..# #.##..
.....#.###. #.##o#
..<........ #.##o#
.....#.######.##o#
...............#@#
....#..#.####..#.#
....#..######..#.#
#####..........#.#
#.########.#.# #..
#.#.# ### #.#.#
#.#.# #...#

Notes
Turn   | Place    | Note
--------------------------------------------------------------
     0 | D:1      | ololoev the Demonspawn Fighter began the quest for the Orb.
     0 | D:1      | Reached XP level 1. HP: 18/18 MP: 1/1
   151 | D:1      | You fall through a shaft!
   198 | D:2      | Found a sacrificial altar of Ru.
   216 | D:2      | Gained mutation: You have sharp fingernails. [demonic ancestry]
   216 | D:2      | Reached XP level 2. HP: 24/24 MP: 2/2
   439 | D:2      | Reached skill level 1 in Unarmed Combat
   509 | D:3      | Gained mutation: You are surrounded by a mild repulsion field (EV +2). [demonic ancestry]
   509 | D:3      | Reached XP level 3. HP: 26/29 MP: 3/3
   629 | D:4      | Reached XP level 4. HP: 9/35 MP: 4/4
   666 | D:4      | Killed from afar by an orc wizard

Dungeon Overview and Level Annotations

Branches:
Dungeon (4/15)
 Temple: D:4-7

Altars:
Ru


Message History

The giant frog skeleton hits you.
You slash the giant frog skeleton!
You destroy the giant frog skeleton!
You have reached level 4!
You feel clever.
Found 8 gold pieces.
You feel a little less mighty now.
You now have 53 gold pieces (gained 8).
An orc comes into view. It is wielding a dagger.
An orc comes into view. It is wielding a hand axe.
The orc shouts!
An orc wizard comes into view. It is wielding a dagger of speed.
The orc wizard shouts!
The orc barely misses you.
You closely miss the orc. The orc closely misses you.
The orc hits you with a dagger.
You closely miss the orc. You closely miss the orc wizard.
The orc wizard barely misses you.
You barely miss the orc wizard.
The orc wizard points at you and mumbles some strange words.
The puff of flame hits you!
You closely miss the orc wizard. The orc wizard barely misses you.
You block the orc wizard's attack.
You hit the orc wizard.
The orc wizard is moderately wounded.
The orc wizard closely misses you.
The orc wizard hits you but does no damage.
You closely miss the orc wizard.
The orc wizard is moderately wounded.
You block the orc wizard's attack.
The orc wizard hits you but does no damage.
You hit the orc wizard.
The orc wizard is heavily wounded.
The orc wizard hits you but does no damage.
You closely miss the orc wizard.
The orc wizard is heavily wounded.
You block the orc wizard's attack.
The orc wizard gestures at you while chanting.
The puff of frost hits you!
You die...

You could see an orc wizard and 2 orcs.

Vanquished Creatures
  A giant frog skeleton (D:4)
  An orc priest (D:3)
  2 adders
  2 orcs (D:3)
  3 bats
  5 hobgoblins
  A giant gecko skeleton (D:4)
  3 kobolds (D:2)
  A rat (D:2)
19 creatures vanquished.

Action                   |  1- 3 |  4- 6 || total
-------------------------+-------+-------++-------
Melee: War axe           |    68 |     9 ||    77
  Use: Potion            |     1 |       ||     1

Vault maps used:
D:1:      evilmike_arrival_rings, kennysheep_crisscross
D:2:      forest_paths, marbit_many_paths, serial_park_tiny_2, kennysheep_nub
D:3:      uniq_jessica, uniq_natasha
D:4:      fedhas_altar_2, minmay_temple_entry_glassed_door, uniq_sigmund
